AoeStats
← 风战

Arena

509407130Analyzed
4v4 RM · 4d ago on Sep 26, 2026· 26m 53s· 8 players
Game mode
Random Map
Map size
Large (8 player)
Population
200
Speed
Normal
Resources
Standard
Victory
Conquest
Starting age
Dark Age
Ending age
Imperial Age
RankedLock teamsTeams togetherTeam positionsShared explorationLock speedFull tech treeHidden civsTurbo modeCheats
Victory
Defeat
🇬🇧 Huns · United Kingdom
829
+15
🇨🇳 Britons · China
813
+26
🇹🇷 Ethiopians · Türkiye
759
+18
🇬🇷 Turks · Greece
744
+18
🇦🇷 Varangians · Argentina
845
-19
🇮🇪 Saxons · Ireland
817
-17
🇺🇸 Japanese · United States
782
-16
🇺🇾 Danes · Uruguay
740
-14
Cypress Fever
1:13 Loom
13:14 Feudal Age
17:57 Double-Bit Axe
18:19 Horse Collar
20:12 Wheelbarrow
20:16 Stone Mining
20:20 Gold Mining
23:06 Castle Age
24:17 Hand Cart
24:57 Heavy Plow
25:13 Forging
25:03 Scale Mail Armor
JoaKo_uy
0:43 Loom
14:40 Feudal Age
16:06 Man-at-Arms
16:34 Arson
16:35 Horse Collar
23:05 Double-Bit Axe
24:11 Gold Mining
24:24 Stone Mining
CHIKN9476
2:28 Loom
15:20 Feudal Age
QueMatracaAriel
5:22 Loom
5:38 Loom
11:51 Feudal Age
14:03 Double-Bit Axe
22:49 Castle Age
22:15 Horse Collar
22:50 Forging
22:46 Scale Barding Armor
22:35 Gold Mining
22:35 Stone Mining
24:02 Wheelbarrow
24:09 Bloodlines
24:32 Heavy Plow
25:57 Bow Saw
26:37 Husbandry
26:24 Treadmill Crane
Chris
10:00 Feudal Age
8:42 Loom
15:38 Castle Age
14:37 Double-Bit Axe
14:34 Horse Collar
16:43 Bow Saw
19:33 Wheelbarrow
22:01 Heavy Plow
25:32 Gold Mining
25:35 Stone Mining
26:49 Gold Shaft Mining
ME LENE GIORGO
4:20 Loom
12:13 Feudal Age
14:49 Double-Bit Axe
17:32 Castle Age
22:02 Imperial Age
20:11 Wheelbarrow
22:00 Bow Saw
23:29 Fletching
23:42 Padded Archer Armor
25:59 Two-Man Saw
风战
6:36 Loom
12:20 Feudal Age
17:09 Castle Age
15:08 Double-Bit Axe
18:03 Horse Collar
18:35 Bow Saw
22:18 Wheelbarrow
24:52 Stone Mining
24:55 Gold Mining
25:54 Hand Cart
Merginator44
0:33 Loom
13:31 Feudal Age
14:07 Horse Collar
14:14 Double-Bit Axe
15:20 Gold Mining
15:25 Stone Mining
18:19 Wheelbarrow
20:55 Castle Age
22:03 Bow Saw
21:56 Heavy Plow
22:49 Gold Shaft Mining
26:14 Hand Cart
27:21 Ballistics
Connection lost

Rejoining the realm…

Still unreachable

The connection could not be restored.

Session expired

The server has moved on; the page needs a fresh start.